 Dungeon Crawl Stone Soup version 0.27.0-1-g7a089689b8 (webtiles) character file.

Game seed: 14455171926438416111

294 horus123 the Chopper (level 6, -3/72 HPs)
             Began as a Demonspawn Abyssal Knight on Aug 15, 2021.
             Was a Priest of Lugonu.
             Slain by Menkaure (6 damage)
             ... on level 4 of the Dungeon.
             The game lasted 00:07:01 (3811 turns).

horus123 the Chopper (Demonspawn Abyssal Knight)    Turns: 3811, Time: 00:07:03

Health: -3/72      AC: 23    Str: 15    XL:     6   Next: 11%
Magic:  8/8        EV:  2    Int: 13    God:    Lugonu [***...]
Gold:   1147       SH:  0    Dex: 12    Spells: 5/5 levels left

rFire    . . .     SeeInvis .   e - +6 broad axe
rCold    . . .     Faith    .   (no shield)
rNeg     + + +     Spirit   .   (armour currently unavailable)
rPois    +         Reflect  .   (helmet currently unavailable)
rElec    .         Harm     .   (cloak currently unavailable)
rCorr    .         Rampage  .   (gloves currently unavailable)
Will     .....     NoTele   +   (boots unavailable)
Stlth    +.........             (no amulet)
HPRegen  0.22/turn              (no ring)
MPRegen  0.22/turn              (no ring)

@: tree-form
A: stationary, stasis, torment immunity, boosted hp, (hooves 3), (slimy green
scales 1), magic regeneration
a: Renounce Religion, Depart the Abyss, Bend Space, Banish


You were on level 4 of the Dungeon.
You worshipped Lugonu.
Lugonu was most pleased with you.
You were a tree.
You visited 1 branch of the dungeon, and saw 4 of its levels.
You visited the Abyss 1 time.

You collected 1147 gold pieces.

Inventory:

Hand Weapons
 a - a +1 mace
 e - a +6 broad axe (weapon)
Armour
 b - a +0 leather armour
 n - a +0 plate armour (melded)
Wands
 m - a wand of iceblast (10)
 p - a wand of digging (3)
Scrolls
 o - a scroll of vulnerability
Potions
 c - a potion of curing {unknown}
 d - 2 potions of lignification
 f - a potion of heal wounds {unknown}
 g - a potion of might {unknown}
 i - a potion of degeneration {unknown}
 j - a potion of flight {unknown}
 k - a potion of mutation {unknown}
 l - a potion of magic {unknown}


   Skills:
 + Level 3.8 Fighting
 * Level 4.4(4.6) Axes
 + Level 1.8(3.3) Maces & Flails
 + Level 2.5 Armour
 + Level 1.1 Dodging
 + Level 0.2 Stealth
 * Level 2.7 Invocations


You had 5 spell levels left.
You didn't know any spells.
Your spell library contained the following spells:

 Spells                   Type           Power      Damage    Failure   Level
 Passwall                 Tmut/Erth      0%         N/A       43%         2
 Swiftness                Air            0%         N/A       67%         3
 Invisibility             Hex            0%         N/A       100%        6


Dungeon Overview and Level Annotations

Branches:
Dungeon (4/15)             Temple (0/1) D:4

Altars:

Shops:
D:3 *

Annotations:
D:4 Menkaure


Innate Abilities, Weirdness & Mutations

You are a tree.
Your roots penetrate the ground, keeping you stationary.
You cannot be teleported.
You are immune to unholy pain and torment.
Your maximum health is greatly increased.
Your equipment is partially melded.
((You have hooves in place of feet.))
((You are partially covered in slimy green scales. (AC +2)))
You regenerate magic rapidly.


Message History

Items here: ))))) ††.
Found a stone staircase leading up.
A quokka and Menkaure come into view.
Menkaure shouts!
Menkaure casts a spell at you.
You barely resist. You completely miss Menkaure.
Menkaure mumbles some strange words.
Menkaure seems to speed up.
You barely miss Menkaure. You kick Menkaure.
Menkaure is lightly damaged.
Your plate armour prevents you from hitting the quokka.
The quokka barely misses you. Menkaure hits you!
The quokka bites you but does no damage.
You slash Menkaure! Your kick misses Menkaure.
Menkaure is moderately damaged.
You barely miss the quokka. Menkaure hits you.
The quokka bites you but does no damage.
Menkaure hits you!
Your plate armour prevents you from hitting Menkaure.
Menkaure is moderately damaged.
You barely miss the quokka.
The quokka bites you but does no damage.
Menkaure hits you.
The quokka bites you but does no damage.
Menkaure hits you!
* * * LOW HITPOINT WARNING * * *
It was a potion of lignification.
You turn into a tree.
Your +0 plate armour melds into your body.
Your roots penetrate the ground.
The quokka bites you but does no damage.
Menkaure hits you!
* * * LOW HITPOINT WARNING * * *
You slash Menkaure!
Menkaure is severely damaged.
You hit the quokka. Menkaure hits you.
* * * LOW HITPOINT WARNING * * *
The quokka bites you but does no damage.
Menkaure hits you.
You die...

### #.# ## ##.#
#.# .### ##..#
#.# ...## ##...##
#.# ....##.
###..#..# #.#
.......
#.r♣###.## #..
....... #..M##
#..## ##..
....... ......#
#...# ###...
....... ......
#...#####.....
....... .....
##...##.....##
................#
#........####
..........###
...####......###
## .........
....#......## ##.
.......#
#.......### #..


You could see Menkaure (fast) and a quokka.

Vanquished Creatures
  A bullfrog (D:4)
  A water moccasin skeleton (D:3)
  A centaur skeleton (D:4)
  Robin (D:4)
  2 adders (D:3)
  An ufetubus (D:4)
  2 adder skeletons (D:4)
  A worm (D:2)
  5 dart slugs
  3 orcs
  7 endoplasms
  2 giant cockroaches
  18 goblins
  11 hobgoblins
  8 jackals
  5 kobolds
  2 quokkas (D:4)
  7 ball pythons
  2 bats (D:3)
  3 frilled lizards (D:1)
  5 rats
88 creatures vanquished.

Notes
Turn   | Place    | Note
-------+----------+-------------------------------------------
     0 | Abyss:1  | horus123 the Demonspawn Abyssal Knight began the quest for
                  | the Orb.
     0 | Abyss:1  | Reached XP level 1. HP: 18/18 MP: 2/2
    24 | Abyss:1  | Found a corrupted altar of Lugonu.
    84 | Abyss:2  | Noticed a small abomination
    85 | D:1      | Escaped the Abyss
   131 | D:1      | Reached * piety under Lugonu
   134 | D:1      | Gained mutation: You have large cloven feet. [demonic
                  | ancestry]
   134 | D:1      | Reached XP level 2. HP: 13/24 MP: 3/3
   502 | D:1      | Found a faded altar of an unknown god.
   503 | D:1      | Identified a scroll of acquirement
   504 | D:1      | Acquired 852 gold pieces
   650 | D:1      | Reached skill level 1 in Axes
   901 | D:1      | Reached skill level 1 in Dodging
   901 | D:1      | Gained mutation: You have hoof-like feet. [demonic
                  | ancestry]
   901 | D:1      | Reached XP level 3. HP: 25/29 MP: 5/5
  1820 | D:2      | Reached ** piety under Lugonu
  1995 | D:2      | Reached skill level 2 in Axes
  2291 | D:3      | Gained mutation: You have hooves in place of feet. [demonic
                  | ancestry]
  2291 | D:3      | Reached XP level 4. HP: 20/36 MP: 6/6
  2437 | D:3      | Reached skill level 3 in Axes
  2627 | D:3      | Gained mutation: You regenerate magic rapidly. [demonic
                  | ancestry]
  2627 | D:3      | Reached XP level 5. HP: 41/41 MP: 7/7
  2726 | D:3      | Found Buqiok's Assorted Antiques.
  3097 | D:4      | Found a staircase to the Ecumenical Temple.
  3533 | D:4      | Reached skill level 4 in Axes
  3576 | D:4      | Noticed Robin
  3586 | D:4      | Killed Robin
  3589 | D:4      | Reached *** piety under Lugonu
  3592 | D:4      | Gained mutation: You are partially covered in slimy green
                  | scales. (AC +2) [demonic ancestry]
  3592 | D:4      | Reached XP level 6. HP: 24/48 MP: 8/8
  3803 | D:4      | Noticed Menkaure
  3811 | D:4      | HP: 3/72 [Menkaure (4)]
  3811 | D:4      | Slain by Menkaure

Illustrated notes

Levels and vault maps discovered:
D:1:      dpeg_arrival_another_circle, layout_basic, basic_ecumenical_altar,
          supply_closet_lemuel, minmay_statues_item, minmay_misc_feat_chi,
          st_stairs_3, amcnicky_mini_pool_small
D:2:      layout_rooms, hangedman_decor_clover_reticule
D:3:      layout_rooms, serial_shops, shop_coins, serial_bayou_pond_a,
          minmay_misc_feat_tower
D:4:      layout_layer_cave, minmay_temple_entry_water_ring, minivault_27,
          uniq_menkaure, uniq_robin

Skill      XL: |  1  2  3  4  5 |
---------------+----------------+-----
Armour         | 2 |  2.5
Axes           | 1 2 3 4 |  4.4
Dodging        | 1 |  1.1
Fighting       | |  3.8
Maces & Flails | |  1.8
Stealth        | |  0.2
Invocations    | |  2.7

Action                   |  1- 3 |  4- 6 || total
-------------------------+-------+-------++-------
Melee: Broad axe         |    72 |    75 ||   147
       Kick              |     8 |    10 ||    18
Invok: Depart the Abyss  |     1 |       ||     1
  Use: Scroll            |     2 |     7 ||     9
       Potion            |       |     1 ||     1
 Stab: Sleeping          |     1 |       ||     1
Armor: Leather armour    |    17 |     5 ||    22
       Plate armour      |       |    60 ||    60
       Skin              |       |     2 ||     2
Dodge: Dodged            |    51 |    22 ||    73
